 Dungeon Crawl Stone Soup version bcrawl-1.14 (webtiles) character file.

Game seed: 4624314409153713201

118400 MisterOstroum the Devastator (level 16, -4/100 HPs)
             Began as a Fairy Conjurer on Sept 11, 2019.
             Was a High Priest of Vehumet.
             Slain by a shambling mangrove (12 damage)
             ... on level 2 of the Swamp.
             The game lasted 01:22:07 (29781 turns).

MisterOstroum the Devastator (Fairy Conjurer)      Turns: 29781, Time: 01:22:08

Health: -4/100     AC: 15    Str: 19    XL:     16   Next: 76%
Magic:  7/41       EV: 29    Int: 22    God:    Vehumet [*****.]
Gold:   523        SH: 31    Dex: 26    Spells: 11/35 levels left

rFire    . . .     SeeInvis .   a - +5 demon blade (flame)
rCold    + . .     Gourm    .   G - +0 shield
rNeg     + . .     Faith    .   (armour unavailable)
rPois    .         Spirit   .   (helmet restricted)
rElec    .         Reflect  +   H - +0 cloak of the Catfish {Dex+6}
rCorr    .         Harm     .   X - +2 pair of gloves
MR       +....                  v - +2 pair of boots
Stlth    +.........             z - +5 amulet of reflection
HPRegen  0.26/turn              L - ring "Rexuzier" {rN+ MP+9 Str+8 Slay-4}
MPRegen  0.27/turn              K - ring "Rycsu" {Wiz rC+ Str+5 Slay-3}

@: agile, grasped by roots, flying evasively, contaminated, slowed, glowing,
constricted, very slow
A: small, magic attunement, unstealthy, unfitting armour, horns 1, dopey 1,
frail 1, screaming 1, able to fly, AC/SH +8
a: Stop Flying, Renounce Religion


You were on level 2 of the Swamp.
You worshipped Vehumet.
Vehumet was extremely pleased with you.
You were not hungry.

You visited 5 branches of the dungeon, and saw 24 of its levels.
You visited 1 bazaar.
You also visited: Gauntlet and Volcano.

You collected 1988 gold pieces.
You spent 1465 gold pieces at shops.

Inventory:

Hand Weapons
 a - a +5 demon blade of flaming (weapon)
Missiles
 P - 4 throwing nets (quivered) {!f!f}
Armour
 m - a +2 helmet
 v - a +2 pair of boots (worn)
 G - a +0 shield (worn)
 H - the +0 cloak of the Catfish (worn) {Dex+6}
   (You found it in a Gauntlet)

   It affects your dexterity (+6).
 X - a +2 pair of gloves (worn)
Jewellery
 w - an uncursed ring of see invisible
 x - the amulet "Sahail" {rElec rC++ rN+++ Regen+ Int-4 Dex-5}
   (You acquired it in the Orcish Mines)

   [amulet of regeneration]

   It affects your intelligence (-4).
   It affects your dexterity (-5).
   It greatly protects you from cold.
   It insulates you from electricity.
   It renders you almost immune to negative energy.
   It increases your rate of regeneration.
 z - a +5 amulet of reflection (around neck)
 K - the ring "Rycsu" (right hand) {Wiz rC+ Str+5 Slay-3}
   (You took it off a centaur on level 11 of the Dungeon)

   [ring of wizardry]

   It improves your spell success rate.
   It affects your strength (+5).
   It affects your accuracy and damage with ranged weapons and melee attacks
   (-3).
   It protects you from cold.
 L - the ring "Rexuzier" (left hand) {rN+ MP+9 Str+8 Slay-4}
   (You found it in a Gauntlet)

   [ring of positive energy]

   It affects your strength (+8).
   It affects your accuracy and damage with ranged weapons and melee attacks
   (-4).
   It protects you from negative energy.
   It affects your magic capacity (+9).
Wands
 c - a wand of disintegration (28)
 d - a wand of iceblast (14)
 h - a wand of enslavement (7)
 A - a wand of polymorph (33)
 J - a wand of scattershot (5)
 T - a wand of flame (48)
Scrolls
 b - 4 scrolls of teleportation {@r3 !r}
 i - 3 scrolls of fear {!r}
 k - 2 scrolls of magic mapping {@r5 !r}
 l - 4 scrolls of immolation
 n - 11 scrolls of remove curse {@r2}
 o - a scroll of enchant armour
 r - 2 scrolls of amnesia
 s - 5 scrolls of fog {!r}
 t - a scroll of summoning
 O - a scroll of identify {@r1}
 Q - a scroll of silence
Potions
 f - 4 potions of curing {@q1 !q}
 g - 4 potions of haste {@q4 !q}
 p - 4 potions of lignification {@q6}
 q - 3 potions of agility
 B - 4 potions of resistance
 C - a potion of invisibility
 D - 5 potions of might
 E - a potion of mutation
 F - a potion of ambrosia
 N - a potion of cancellation
 R - 2 potions of brilliance
 V - a potion of berserk rage
Miscellaneous
 j - 2 sacks of spiders
 I - a fan of gales
 M - a box of beasts
 U - a phial of floods
Comestibles
 e - 28 rations {!d}


   Skills:
 - Level 11.0 Fighting
 + Level 7.6 Long Blades
 - Level 10.0 Dodging
 - Level 1.6 Stealth
 - Level 11.2 Shields
 - Level 10.0 Spellcasting
 - Level 15.0 Conjurations
   Level 0.1 Hexes
 - Level 10.0 Transmutations
 - Level 10.0 Fire Magic
 - Level 12.0 Ice Magic
   Level 6.1 Earth Magic
 - Level 5.6 Evocations


You had 11 spell levels left.
You knew the following spells:

 Your Spells              Type           Power        Failure   Level  Hunger
a - Magic Dart            Conj           ####         1%          1    None
b - Bolt of Cold          Conj/Ice       ######....   1%          6    None
c - Iskenderun's Mystic   Conj           ######..     1%          3    None
d - Irradiate             Conj/Tmut      ######....   1%          5    None
e - Regeneration          Chrm/Necr      ##........   17%         3    None
h - Bolt of Fire          Conj/Fire      ######....   1%          6    None

Your spell library contained the following spells:

 Spells                   Type           Power        Failure   Level  Hunger
 Icicle Burst             Conj/Ice       ######....   5%          7    None
 Freeze                   Ice            ######       1%          1    None
 Ensorcelled Hibernation  Hex/Ice        #####.       1%          2    None
 Searing Ray              Conj           ######       1%          2    None
 Throw Frost              Conj/Ice       ######       1%          2    None
 Dazzling Spray           Conj/Hex       #####.       1%          3    None
 Mephitic Cloud           Conj/Pois/Air  ####....     1%          3    None
 Ozocubu's Armour         Chrm/Ice       #####...     1%          3    None
 Stone Arrow              Conj/Erth      ######       1%          3    None
 Fulminant Prism          Conj/Hex       #####.....   1%          4    None
 Ice Form                 Ice/Tmut       ######..     1%          4    None
 Throw Icicle             Conj/Ice       ######..     1%          4    None
 Ozocubu's Refrigeration  Ice            ######....   1%          6    None
 Bolt of Draining         Conj/Necr      #####.....   2%          5    None
 Iskenderun's Battlesphe  Conj/Chrm      #####...     2%          5    None
 Iron Shot                Conj/Erth      ######....   3%          6    None
 Orb of Destruction       Conj           ######....   3%          7    None
 Summon Ice Beast         Ice/Summ       #####...     4%          4    None
 Animate Skeleton         Necr           N/A          6%          1    None
 Corona                   Hex            ##.....      6%          1    None
 Pain                     Necr           ##..         6%          1    None
 Summon Butterflies       Summ           ##......     6%          1    None
 Freezing Cloud           Conj/Ice/Air   ######....   7%          6    None
 Call Imp                 Summ           ##......     9%          2    None
 Corpse Rot               Necr           N/A          9%          2    None
 Conjure Ball Lightning   Conj/Air       #####.....   12%         6    None
 Poison Arrow             Conj/Pois      #####.....   12%         6    None
 Metabolic Englaciation   Hex/Ice        #####.....   14%         5    None
 Confuse                  Hex            ##......     16%         3    None
 Tukima's Dance           Hex            ##......     16%         3    None
 Call Canine Familiar     Summ           ##......     17%         3    None
 Vampiric Draining        Necr           ##........   17%         3    None
 Tree Form                Hex/Tmut       N/A          21%         5    None
 Spellforged Servitor     Conj/Summ      #####.....   45%         7    None
 Animate Dead             Necr           N/A          47%         4    None
 Simulacrum               Ice/Necr       #####.....   56%         6    None
 Agony                    Necr           ##......     82%         5    None
 Summon Forest            Summ/Tloc      ##........   82%         5    None
 Summon Lightning Spire   Summ/Air       ##......     82%         5    None
 Borgnjor's Vile Clutch   Necr/Erth      ###.......   92%         6    None
 Summon Hydra             Summ           ##........   100%        6    None


Dungeon Overview and Level Annotations

Branches:
Dungeon (12/12)            Temple (0/1) D:4            Lair (5/6) D:9
  Swamp (3/3) Lair:3        Snake (3/3) Lair:2        Slime (0/5) Lair:5
    Orc (1/1) D:8             Elf (0/3) Orc          Vaults (0/3) D:12
 Depths (0/5) D:12

Altars:
Ashenzari
Elyvilon
Fedhas
Hepliaklqana
Kikubaaqudgha
Lugonu
Makhleb
Nemelex Xobeh
Sif Muna
Trog
Vehumet
Xom
Yredelemnul
Zin
Jiyva

Shops:
D:4 [   D:5 *   D:7 }   D:8 ?   Orc %}(*   Snake:2 }**%

Annotations:
D:7 2 transporters
D:9 exclusion: door
D:10 1 runed translucent door, espenoss's ghost, journeyman TrTm
Lair:2 1 runed translucent door, yrara's ghost, journeyman DsFi
Swamp:3 Lernaean hydra


Innate Abilities, Weirdness & Mutations

Your spells do not cause hunger and MP costs are reduced by 1.
Your bright wings attract enemies. (Stealth-)
You cannot fit into any form of body armour.
Your shimmering scales are hard and can block incoming attacks. (AC +8, SH +8)
You are small and have problems with some larger weapons.
You can fly continuously.
You have a pair of small horns on your head.
You are dopey. (Int -2)
You are frail. (-10% HP)
You occasionally shout uncontrollably at your foes.


Message History

The harpoon shot hits you!
* * * LOW HITPOINT WARNING * * *
You are yanked forward by the harpoon shot.
Casting: Iskenderun's Mystic Blast (safe; 1% risk of failure)
Confirm with . or Enter, or press ? or * to list all spells.
You erupt in a fountain of uncontrolled magic!
The vampire mosquito is blasted with magical radiation!!!
You destroy the vampire mosquito!
Vehumet accepts your kill.
You feel your power returning.
The swamp worm is blasted with magical radiation!!
You kill the swamp worm!
Vehumet accepts your kill.
You feel your power returning.
You hear a roar!
Really quaff
u - 2 potions of heal wounds {@q2 !q}?
You feel much better.
You feel sick. You block the swamp dragon's attack. x2
The swamp dragon misses you. The swamp worm bites you!
* * * LOW HITPOINT WARNING * * *
Really quaff
u - a potion of heal wounds {@q2 !q}?
You feel much better. The bog body casts a spell at you.
You feel yourself slow down. You block the swamp worm's attack.
You block the swamp dragon's attack. The swamp dragon barely misses you.
The swamp dragon tramples you!
You are shoved backwards!
Casting: Irradiate (safe; 1% risk of failure)
Confirm with . or Enter, or press ? or * to list all spells.
You erupt in a fountain of uncontrolled magic!
The bog body is blasted with magical radiation!!
The bog body is severely damaged.
The swamp dragon is blasted with magical radiation!!!
The swamp dragon is severely wounded.
The swamp dragon twists and deforms.
The bog body casts a spell at you. The bolt of cold misses you.
You block the swamp dragon's attack. x2
The swamp dragon misses you.
The spriggan rider hits you but does no damage.
Casting: Irradiate (safe; 1% risk of failure)
Confirm with . or Enter, or press ? or * to list all spells.
You don't have enough magic to cast that spell.
You feel sick.
You are no longer poisoned.
The bog body closely misses you. You block the bog body's attack.
The shambling mangrove completely misses you.
You block the spriggan rider's attack. You block the bog body's attack.
The bog body misses you. The shambling mangrove hits you!
You block the spriggan rider's attack. x2
You block the shambling mangrove's attack.
Found a ring of flight.
You block the spriggan rider's attack.
A purple very ugly thing comes into view.
The purple very ugly thing gurgles horribly!
A bog body comes into view.
You shout at the bog body!
You block the spriggan rider's attack.
The shambling mangrove completely misses you.
The purple very ugly thing moves out of view.
The six-headed hydra roars!
There is a stone staircase leading up here.
The four-headed hydra completely misses you.
The four-headed hydra misses you.
You block the four-headed hydra's attack.
The four-headed hydra bites you!
* * * LOW HITPOINT WARNING * * *
You block the spriggan rider's attack.
Roots burst forth from the earth!
The grasping roots grab you!
* * * LOW HITPOINT WARNING * * *
The grasping roots constrict you.
You block the four-headed hydra's attack.
The four-headed hydra closely misses you.
You block the four-headed hydra's attack.
The four-headed hydra barely misses you.
The swamp worm completely misses you.
The spriggan rider hits you from afar with a +0 spear!
* * * LOW HITPOINT WARNING * * *
You fly upwards.
There is a stone staircase leading down here.
Okay, then.
Unknown command.
Unknown command.
Okay, then.
You feel agile all of a sudden.
You block the shambling mangrove's attack.
The four-headed hydra barely misses you.
You block the four-headed hydra's attack. x2
The four-headed hydra completely misses you.
You block the four-headed hydra's attack.
The four-headed hydra completely misses you.
The four-headed hydra barely misses you.
The four-headed hydra completely misses you.
You block the four-headed hydra's attack.
The four-headed hydra completely misses you.
You block the four-headed hydra's attack. x2
The shambling mangrove completely misses you.
You block the four-headed hydra's attack.
The four-headed hydra completely misses you.
You block the four-headed hydra's attack.
The four-headed hydra completely misses you.
Roots burst forth from the earth!
The grasping roots grab you!
You die...

♣♣
♣♣........#...≈....
♣ ♣.≈≈.§...#...♣...≈
♣ ♣.≈♣≈..###.....≈≈.
♣
♣♣.....)....##.....
♣
♣≈.≈≈≈...#..##..##.
♣
♣.≈≈≈.♣♣....##....#
♣
♣.♣≈..♣♣♣.......###
♣♣
♣.≈♣.♣♣♣.♣.........
.♣♣
♣♣.@≈≈♣♣≈≈.≈≈....♣♣≈
.≈♣♣
♣≈§D..♣♣♣§♣≈≈....♣♣♣
.§≈♣♣ ♣♣≈≈..♣♣
♣♣♣♣.≈≈...§≈ ≈.♣.♣♣
♣.♣.≈f>♣ ♣♣♣≈≈.≈.≈
≈.≈≈≈♣♣ ♣♣.≈..♣♣
♣≈♣♣... ...♣.≈♣
♣.≈≈.♣ ♣.♣♣.♣♣
♣♣.≈..♣♣ ♣♣..≈≈♣
♣♣≈...♣ ♣♣≈)..♣♣
♣....♣♣ ♣..♣♣.♣
♣♣.≈..♣ ♣...≈♣♣
♣.♣♣♣.♣


You could see a shambling mangrove and a four-headed hydra.

Vanquished Creatures
  A tentacled monstrosity (Swamp:3)
  A thorn hunter (Swamp:3)
  Kirke (Swamp:3)
  The ghost of donomii the Spry, an adept FrFE of Sif Muna (Snake:2)
  Aizul (Snake:2)
  A minotaur (Gauntlet)
  Snorg (D:11)
  3 ogre magi
  3 vault guards (D:12)
  Harold (Lair:5)
  A death knight (D:12)
  A shambling mangrove (Swamp:1)
  A ghost crab (Swamp:2)
  6 hydras
  A naga warrior (Snake:1)
  12 two-headed ogres
  An anaconda (Snake:2)
  7 alligators
  A death yak (Gauntlet)
  5 naga sharpshooters (Snake:1)
  A deep elf knight (D:12)
  4 orc high priests (Orc)
  3 shock serpents
  A skeletal warrior (D:12)
  2 sixfirhies (Gauntlet)
  A hell knight (Volcano)
  An unseen horror (D:9)
  A naga ritualist (Snake:3)
  A wizard (D:12)
  A flayed ghost (D:12)
  2 spriggan druids (Swamp:2)
  5 swamp dragons
  A cyclops (D:10)
  2 necromancers
  A phantasmal warrior (D:12)
  A wolf spider zombie (D:7)
  A shining eye (Gauntlet)
  A wolf spider (D:12)
  2 orc knights (D:12)
  An ugly thing (D:10)
  4 mana vipers
  A tengu skeleton (D:12)
  A stone giant zombie (D:12)
  2 deep elf magi (D:12)
  3 manticores (D:10)
  3 orc sorcerers
  3 salamanders
  A centaur zombie (D:11)
  2 guardian serpents
  Joseph (D:8)
  2 molten gargoyles (Volcano)
  14 cane toads
  9 elephants
  5 black mambas
  10 naga magi
  A torpor snail (Gauntlet)
  3 centaur skeletons
  A spriggan zombie (D:12)
  A gargoyle (D:10)
  A minotaur zombie (Gauntlet)
  A rime drake (Lair:4)
  A yaktaur zombie (D:12)
  4 komodo dragons
  A freezing wraith (D:11)
  A guardian mummy (D:12)
  4 trolls
  13 hornets
  3 meliai (D:11)
  3 polar bears
  5 tyrant leeches
  6 bog bodies
  7 dream sheep (Lair:4)
  5 hippogriffs
  5 slime creatures (Swamp:1)
  A meliai zombie (D:10)
  9 spriggans (Swamp:1)
  Sigmund (D:5)
  2 wyverns
  A wraith (D:12)
  2 basilisks
  A fire elemental (Lair:3)
  Eustachio (D:4)
  2 fire bats (Volcano)
  A golden eye (Gauntlet)
  4 humans
  37 yaks
  Grum (D:9)
  2 shadows
  6 hogs
  11 vampire mosquitoes
  2 hungry ghosts (D:8)
  Edmund (D:4)
  Menkaure (D:5)
  9 swamp worms
  An acid dragon (Lair:3)
  21 nagas
  8 water moccasins
  A soldier ant (D:11)
  4 wargs (Orc)
  7 insubstantial wisps (Swamp:1)
  4 swamp drakes
  11 porcupines
  2 sky beasts
  11 orc warriors
  2 phantoms (D:8)
  An eye of draining (D:10)
  A hornet zombie (D:11)
  An ice beast (D:8)
  2 black bears
  A necrophage (D:9)
  10 ogres
  6 centaurs
  7 wolves
  13 crocodiles
  13 bullfrogs
  A big kobold (D:7)
  A gnoll sergeant (D:11)
  Blork the orc (D:4)
  A troll zombie (D:8)
  47 killer bees (Lair:1)
  3 scorpions
  8 wights
  An electric eel (Lair:3)
  4 howler monkeys
  3 crimson imps
  7 lava snakes
  3 hounds
  A bullfrog zombie (D:6)
  17 orc priests
  3 jellies
  18 orc wizards
  3 bullfrog skeletons (D:4)
  5 iguanas
  A yak simulacrum (Lair:4)
  7 worker ants
  2 polar bear simulacra (Lair:4)
  2 killer bee zombies (D:7)
  7 ogre zombies (D:8)
  2 wolf simulacra (Lair:4)
  2 hound zombies
  A hound skeleton (D:6)
  2 worker ant zombies
  Robin (D:4)
  5 gnolls (D:11)
  7 adders
  7 shadow imps
  3 adder skeletons
  6 dart slugs
  3 leopard geckos (D:1)
  34 orcs
  2 ball pythons
  2 bats (D:1)
  5 giant cockroaches
  13 goblins
  11 hobgoblins
  9 jackals
  5 quokkas
  2 frilled lizards (D:1)
  3 goblin skeletons (D:8)
  3 goblin zombies (D:8)
  3 hobgoblin skeletons (D:8)
  17 kobolds
  6 orc skeletons (D:8)
  10 orc zombies (D:8)
  A rat (D:1)
  6 river rat simulacra (Lair:4)
  A fire vortex (Lair:3)
  A fungus (Lair:2)
  2 withered plants (D:12)
753 creatures vanquished.

Vanquished Creatures (others)
  A tyrant leech (Swamp:2)
  A vampire mosquito (Swamp:1)
  2 bushes (D:12)
  15 fungi
  3 plants
22 creatures vanquished.

Grand Total: 775 creatures vanquished

Notes
Turn   | Place    | Note
-------+----------+-------------------------------------------
     0 | D:1      | MisterOstroum the Fairy Conjurer began the quest for the
                  | Orb.
     0 | D:1      | Reached XP level 1. HP: 11/11 MP: 6/6
    85 | D:1      | Reached XP level 2. HP: 17/17 MP: 7/7
    91 | D:1      | Reached skill level 5 in Conjurations
   113 | D:1      | Learned a level 2 spell: Searing Ray
   237 | D:1      | Reached XP level 3. HP: 21/21 MP: 9/9
   796 | D:2      | Learned a level 3 spell: Iskenderun's Mystic Blast
   970 | D:2      | Found a bloodstained altar of Trog.
  1070 | D:2      | Reached XP level 4. HP: 27/27 MP: 11/11
  1209 | D:2      | Found a shimmering blue altar of Sif Muna.
  1209 | D:2      | Found an ancient bone altar of Kikubaaqudgha.
  1210 | D:2      | Found a radiant altar of Vehumet.
  1212 | D:2      | Identified Kikubaaqudgha's Handbook of Dark Magic
  1348 | D:2      | Became a worshipper of Vehumet
  1506 | D:3      | Found a faded altar of an unknown god.
  1673 | D:3      | Found a white marble altar of Elyvilon.
  2037 | D:4      | Reached skill level 6 in Conjurations
  2037 | D:4      | Reached XP level 5. HP: 31/31 MP: 13/13
  2055 | D:4      | Noticed Edmund
  2066 | D:4      | Killed Edmund
  2066 | D:4      | Reached skill level 5 in Spellcasting
  2066 | D:4      | Reached XP level 6. HP: 36/36 MP: 2/15
  2215 | D:4      | Found a staircase to the Ecumenical Temple.
  2215 | D:4      | Noticed Robin
  2217 | D:4      | Reached * piety under Vehumet
  2217 | D:4      | Offered knowledge of Freeze by Vehumet.
  2238 | D:4      | Killed Robin
  2321 | D:4      | Reached skill level 7 in Conjurations
  2469 | D:4      | Noticed Eustachio
  2474 | D:4      | Killed Eustachio
  2474 | D:4      | Reached skill level 8 in Conjurations
  2474 | D:4      | Reached XP level 7. HP: 41/41 MP: 7/16
  2622 | D:4      | Found a corrupted altar of Lugonu.
  2625 | D:4      | Found a shimmering altar of Xom.
  2627 | D:4      | Found a hazy altar of Hepliaklqana.
  2634 | D:4      | Reached skill level 9 in Conjurations
  2725 | D:4      | Noticed Blork the orc
  2729 | D:4      | Killed Blork the orc
  3093 | D:4      | Found Fagusch's Antique Armour Boutique.
  3285 | D:5      | Entered Level 5 of the Dungeon
  3288 | D:5      | Reached skill level 10 in Conjurations
  3288 | D:5      | Reached XP level 8. HP: 39/46 MP: 11/17
  3295 | D:5      | Learned a level 5 spell: Irradiate
  3365 | D:5      | Reached skill level 1 in Transmutations
  3445 | D:5      | Reached skill level 1 in Fighting
  3445 | D:5      | Reached skill level 5 in Dodging
  3673 | D:5      | Noticed Menkaure
  3677 | D:5      | Killed Menkaure
  3859 | D:5      | Found Uxuith's Assorted Antiques.
  3866 | D:5      | Bought a scroll labeled OTOEMP HACW for 21 gold pieces
  3866 | D:5      | Bought a brown potion for 18 gold pieces
  3866 | D:5      | Bought a glowing inky potion for 18 gold pieces
  3873 | D:5      | Noticed Sigmund
  3877 | D:5      | Killed Sigmund
  4324 | D:5      | Found a burning altar of Makhleb.
  4409 | D:6      | Reached skill level 5 in Transmutations
  4473 | D:6      | Reached XP level 9. HP: 57/57 MP: 13/18
  4498 | D:6      | Learned a level 3 spell: Confuse
  4500 | D:6      | Learned a level 1 spell: Freeze
  4604 | D:6      | Found a shattered altar of Ashenzari.
  5170 | D:6      | Noticed an ogre mage
  5175 | D:6      | Killed an ogre mage
  5175 | D:6      | Reached ** piety under Vehumet
  5175 | D:6      | Offered knowledge of Sandblast by Vehumet.
  5428 | D:6      | Found a glowing silver altar of Zin.
  5554 | D:7      | Found a transporter.
  5560 | D:7      | Noticed a troll
  5564 | D:7      | Killed a troll
  5564 | D:7      | Reached XP level 10. HP: 71/71 MP: 0/20
  5803 | D:7      | Offered knowledge of Stone Arrow by Vehumet.
  6070 | D:7      | Found Xidghyite's Gadget Shop.
  6076 | D:7      | Noticed a two-headed ogre
  6085 | D:7      | Killed a two-headed ogre
  6554 | D:7      | Reached skill level 11 in Conjurations
  7239 | D:7      | Found a transporter.
  7433 | D:8      | Found Zudagodgh's Magic Scroll Emporium.
  7460 | D:8      | Found a basalt altar of Yredelemnul.
  7472 | D:8      | Reached *** piety under Vehumet
  7489 | D:8      | Reached XP level 11. HP: 73/75 MP: 5/25
  7490 | D:8      | Offered knowledge of Mephitic Cloud by Vehumet.
  7708 | D:8      | Reached **** piety under Vehumet
  7759 | D:8      | Found a staircase to the Orcish Mines.
  7870 | D:8      | Noticed Joseph
  7876 | D:8      | Killed Joseph
  8128 | D:8      | Offered knowledge of Lightning Bolt by Vehumet.
  8476 | D:9      | Noticed a two-headed ogre
  8599 | D:9      | Noticed a two-headed ogre
  8602 | D:9      | Noticed a two-headed ogre
  8603 | D:9      | Killed a two-headed ogre
  8603 | D:9      | Noticed a two-headed ogre
  8604 | D:9      | Noticed an ogre mage
  8604 | D:9      | Noticed a two-headed ogre
  8615 | D:8      | Killed a two-headed ogre
  8615 | D:8      | Reached skill level 12 in Conjurations
  8768 | D:9      | Killed an unseen horror
  8990 | D:9      | Reached skill level 10 in Dodging
  9046 | D:9      | Found a blossoming altar of Fedhas.
  9059 | D:9      | Found a staircase to the Lair.
  9064 | D:9      | Killed a two-headed ogre
  9281 | D:9      | Noticed Grum
  9286 | D:9      | Killed Grum
  9376 | D:9      | Noticed a two-headed ogre
  9379 | D:9      | Paralysed by an ogre mage for 4 turns
  9387 | D:9      | Killed an ogre mage
  9387 | D:9      | Reached XP level 12. HP: 81/81 MP: 13/27
  9388 | D:9      | Reached ***** piety under Vehumet
  9388 | D:9      | Killed a two-headed ogre
  9388 | D:9      | Offered knowledge of Bolt of Cold by Vehumet.
  9399 | D:9      | Killed a two-headed ogre
  9411 | D:9      | Killed a two-headed ogre
  9411 | D:9      | Reached skill level 5 in Shields
  9545 | D:9      | Learned a level 6 spell: Bolt of Cold
  9577 | D:9      | Reached skill level 10 in Spellcasting
  9708 | D:9      | Found a sparkling altar of Nemelex Xobeh.
  9981 | D:10     | Entered Level 10 of the Dungeon
  9984 | D:10     | Reached skill level 10 in Transmutations
  9987 | D:10     | Reached skill level 1 in Ice Magic
 10577 | D:10     | Found a white marble altar of Elyvilon.
 10711 | D:10     | Found a runed translucent door.
 10712 | D:10     | Noticed espenoss's ghost (journeyman TrTm)
 10712 | D:10     | Noticed a fire giant
 10969 | Lair:1   | Entered Level 1 of the Lair of Beasts
 11170 | Lair:1   | Reached skill level 5 in Ice Magic
 11361 | Lair:1   | Reached skill level 1 in Evocations
 11530 | Lair:1   | Offered knowledge of Venom Bolt by Vehumet.
 11584 | Lair:1   | Reached XP level 13. HP: 81/90 MP: 1/29
 12812 | Lair:2   | Found a runed translucent door.
 12849 | Lair:2   | Noticed yrara's ghost (journeyman DsFi)
 12985 | Lair:2   | Found a bloodstained altar of Trog.
 13119 | Lair:2   | Reached skill level 10 in Fighting
 13729 | Lair:2   | Found a staircase to the Snake Pit.
 15015 | Lair:3   | Found a staircase to the Swamp.
 15319 | Lair:4   | Reached skill level 10 in Ice Magic
 16450 | Lair:5   | Found a staircase to the Slime Pits.
 16450 | Lair:5   | Found a viscous altar of Jiyva.
 16716 | Lair:5   | Noticed Harold
 16964 | Lair:5   | Killed Harold
 16964 | Lair:5   | Reached skill level 5 in Evocations
 16964 | Lair:5   | Reached XP level 14. HP: 99/99 MP: 13/30
 17966 | Orc      | Entered the Orcish Mines
 17997 | Orc      | Found a staircase to the Elven Halls.
 17999 | Orc      | Found a flickering gateway to a bazaar.
 18011 | Bazaar   | Entered a bazaar
 18025 | Bazaar   | Found Fufod's Book Emporium.
 18040 | Bazaar   | Found Vaiseobb's Assorted Antiques.
 18044 | Bazaar   | Bought a metal-bound book for 180 gold pieces
 18044 | Bazaar   | Bought 2 potions of agility for 96 gold pieces
 18044 | Bazaar   | Bought a scroll of teleportation for 36 gold pieces
 18044 | Bazaar   | Bought a papyrus book for 180 gold pieces
 18044 | Bazaar   | Bought a papyrus book for 180 gold pieces
 18055 | Bazaar   | Found Alotisis's Distillery.
 18059 | Bazaar   | Bought a potion of heal wounds for 55 gold pieces
 18059 | Bazaar   | Bought a potion of curing for 33 gold pieces
 18059 | Bazaar   | Bought a potion of heal wounds for 55 gold pieces
 18070 | Bazaar   | Found Zeun's Distillery.
 18179 | Orc      | Found a dark tunnel.
 18192 | Volcano  | Entered a volcano
 18588 | Volcano  | Found a burning altar of Makhleb.
 18592 | Volcano  | Reached skill level 13 in Conjurations
 18605 | Volcano  | Offered knowledge of Bolt of Magma by Vehumet.
 19258 | Orc      | Reached skill level 10 in Shields
 19965 | Orc      | Found Yseiv's Gadget Shoppe.
 19965 | Orc      | Found Durib's Assorted Antiques.
 19966 | Orc      | Found Cistek's Antique Weapon Emporium.
 19969 | Orc      | Found Otzahac's Food Shoppe.
 20051 | Orc      | Bought a scroll labeled ZAQUAJ WODDUT for 27 gold pieces
 20130 | Orc      | Learned a level 5 spell: Bolt of Magma
 20151 | Orc      | Bought a conspicuous book for 405 gold pieces
 20263 | D:11     | Noticed Snorg
 20268 | D:11     | Killed Snorg
 20783 | D:11     | Identified the ring "Rycsu" {Wiz rC+ Str+5 Slay-3}
 21066 | D:11     | Reached skill level 5 in Earth Magic
 21368 | D:12     | Entered Level 12 of the Dungeon
 21371 | D:12     | Found a staircase to the Depths.
 21503 | D:12     | Offered knowledge of Bolt of Fire by Vehumet.
 21761 | D:12     | Found a gate leading to a gauntlet.
 21775 | Gauntlet | Entered a Gauntlet
 21775 | Gauntlet | Found a transporter.
 21775 | Gauntlet | Found a transporter.
 21796 | Gauntlet | Found a transporter.
 21800 | Gauntlet | Found the ring of Robustness {AC+8}
 21801 | Gauntlet | Found a transporter.
 21802 | Gauntlet | Found a transporter.
 21802 | Gauntlet | Found a transporter.
 21813 | Gauntlet | Found a transporter.
 21813 | Gauntlet | Found a transporter.
 21835 | Gauntlet | Found a transporter.
 21854 | Gauntlet | Found a transporter.
 22048 | Gauntlet | Got a scorched cloak
 22065 | Gauntlet | Identified the cursed +0 cloak of the Catfish {Dex+6} (You
                  | found it in a Gauntlet)
 22127 | Gauntlet | Reached XP level 15. HP: 105/105 MP: 24/31
 22148 | Gauntlet | Got a wavering wooden ring
 22152 | Gauntlet | Identified the ring "Rexuzier" {rN+ MP+9 Str+8 Slay-4} (You
                  | found it in a Gauntlet)
 22985 | D:12     | Found a gate to the Vaults.
 23292 | Snake:1  | Entered Level 1 of the Snake Pit
 23487 | Snake:1  | Learned a level 6 spell: Bolt of Fire
 23644 | Snake:1  | Reached skill level 1 in Fire Magic
 23763 | Snake:1  | Reached skill level 14 in Conjurations
 24233 | Snake:1  | Offered knowledge of Mana Rupture by Vehumet.
 25178 | Snake:1  | Reached skill level 5 in Fire Magic
 25712 | Snake:2  | Reached skill level 1 in Long Blades
 25803 | Snake:2  | Found Miuteesh's Assorted Antiques.
 25806 | Snake:2  | Found Imoerip's Food Emporium.
 25806 | Snake:2  | Found Xyruycsu's Gadget Shoppe.
 25806 | Snake:2  | Noticed Aizul
 25814 | Snake:2  | Killed Aizul
 25889 | Snake:2  | Found Ozetzeo's General Store.
 26096 | Snake:2  | Found a runed translucent door.
 26236 | Snake:2  | Noticed donomii's ghost (adept FrFE)
 26390 | Snake:2  | Killed donomii's ghost
 26398 | Snake:2  | Identified Javaum's Tome of the Rocks and the Birds
 26450 | Snake:3  | Entered Level 3 of the Snake Pit
 26450 | Snake:3  | Noticed a nagaraja
 26461 | Snake:3  | Noticed a nagaraja
 26664 | Snake:3  | Reached skill level 15 in Conjurations
 26887 | Orc      | Learned a level 3 spell: Regeneration
 26936 | Orc      | Got a translucent diamond amulet
 27001 | D:8      | Bought a scroll of blinking for 105 gold pieces
 27001 | D:8      | Bought a scroll of fog for 28 gold pieces
 27001 | D:8      | Bought a scroll of identify for 28 gold pieces
 27001 | D:8      | Identified the amulet "Sahail" {rElec rC++ rN+++ Regen+
                  | Int-4 Dex-5} (You acquired it in the Orcish Mines)
 27122 | Swamp:1  | Entered Level 1 of the Swamp
 27156 | Swamp:1  | Reached XP level 16. HP: 100/112 MP: 22/32
 27472 | Swamp:1  | Offered knowledge of Icicle Burst by Vehumet.
 27534 | Swamp:1  | Gained mutation: You are frail. (-10% HP) [mutagenic glow]
 27578 | Swamp:1  | Lost mutation: You are frail. (-10% HP) [potion of
                  | mutation]
 27578 | Swamp:1  | Gained mutation: You occasionally shout uncontrollably at
                  | your foes. [potion of mutation]
 27578 | Swamp:1  | Gained mutation: You are frail. (-10% HP) [potion of
                  | mutation]
 27578 | Swamp:1  | Gained mutation: You are dopey. (Int -2) [potion of
                  | mutation]
 27578 | Swamp:1  | Gained mutation: You have a pair of small horns on your
                  | head. [potion of mutation]
 28458 | Swamp:2  | Reached skill level 5 in Long Blades
 29135 | Swamp:2  | Reached skill level 10 in Fire Magic
 29606 | Swamp:3  | Entered Level 3 of the Swamp
 29606 | Swamp:3  | Noticed a tentacled monstrosity
 29617 | Swamp:3  | Killed a tentacled monstrosity
 29728 | Swamp:3  | Noticed Kirke
 29731 | Swamp:3  | Noticed a thorn hunter
 29734 | Swamp:3  | Killed Kirke
 29738 | Swamp:3  | Killed a thorn hunter
 29755 | Swamp:3  | Noticed the 27-headed Lernaean hydra
 29781 | Swamp:2  | Slain by a shambling mangrove

Skill      XL: |  1  2  3  4  5  6  7  8  9 10 11 12 13 14 15 16 |
---------------+-------------------------------------------------+-----
Dodging        | 3 4 5 6 9 10 | 10.0
Conjurations   | 5 6 8 10 11 12 13 15 | 15.0
Spellcasting   | 3 4 5 8 9 10 | 10.0
Transmutations | 5 7 9 10 | 10.0
Fighting       | 3 7 9 10 11 | 11.0
Shields        | 3 5 7 10 11 | 11.2
Ice Magic      | 6 10 11 12 | 12.0
Evocations     | 3 5 |  5.6
Earth Magic    | 6 |  6.1
Fire Magic     | 7 10 | 10.0
Long Blades    | 3 7 |  7.6
Stealth        | |  1.6
Hexes          | |  0.1

Action                   |  1- 3 |  4- 6 |  7- 9 | 10-12 | 13-15 | 16-18 || total
-------------------------+-------+-------+-------+-------+-------+-------++-------
Melee: Short sword       |       |     5 |       |     3 |     8 |       ||    16
       Demon blade       |       |       |       |       |     2 |     2 ||     4
 Cast: Magic Dart        |    83 |    47 |    40 |   123 |    44 |    24 ||   361
       Searing Ray       |     1 |     2 |     3 |       |       |       ||     6
       Iskenderun's Myst |       |    24 |    80 |   319 |   591 |   199 ||  1213
       Irradiate         |       |       |     1 |    20 |    61 |    27 ||   109
       Bolt of Cold      |       |       |       |     6 |    84 |     3 ||    93
       Bolt of Magma     |       |       |       |       |     4 |       ||     4
       Bolt of Fire      |       |       |       |       |       |     9 ||     9
       Regeneration      |       |       |       |       |       |     1 ||     1
Evoke: Fan of gales      |       |       |       |       |       |     1 ||     1
  Use: Scroll            |       |     3 |     8 |     4 |    31 |    11 ||    57
       Potion            |       |       |       |       |     7 |    14 ||    21
  Eat: Chunk             |       |     5 |     9 |    14 |    22 |     6 ||    56
       Ration            |       |       |       |     1 |     8 |       ||     9
Armor: Skin              |     1 |     3 |     6 |    11 |    17 |    17 ||    55
Dodge: Dodged            |    11 |    23 |    17 |   101 |   184 |    88 ||   424
       Deflected         |       |       |       |       |     4 |       ||     4
Block: Other             |     4 |     7 |     5 |    38 |    89 |       ||   143
       Shield            |       |       |       |       |    69 |   179 ||   248
       Reflection        |       |       |       |       |    18 |    11 ||    29
